 Dungeon Crawl Stone Soup version 0.25-a0-578-gc91f01c39c (webtiles) character file.

Game seed: 11154988398261604776, levelgen mode: classic

411127 EnegeticOcto the Champion of Chaos (level 22, -12/223 HPs)
             Began as a Deep Dwarf Fighter on Mar 3, 2020.
             Was the Champion of Makhleb.
             Killed from afar by an electric golem (28 damage)
             ... with a bolt of lightning
             ... on level 5 of the Realm of Zot.
             The game lasted 00:21:22 (18226 turns).

EnegeticOcto the Champion of Chaos (DDFi)          Turns: 18226, Time: 00:21:23

Health: -12/223    AC: 42    Str: 31      XL:     22   Next: 15%
Magic:  0/6        EV:  9    Int: 15 (16) God:    Makhleb [******]
Gold:   1800       SH: 15    Dex: 12      Spells: 21/21 levels left

rFire    + + .     SeeInvis .   a - +9 broad axe (drain)
rCold    + + .     Gourm    +   c - +0 kite shield
rNeg     + . .     Faith    .   W - +6 gold dragon scales
rPois    +         Spirit   .   S - +2 helmet {Int+3}
rElec    .         Reflect  .   L - +2 cloak of Lobe {MR+ Int+4}
rCorr    .         Harm     .   M - +2 pair of gloves
MR       ++++.     Rnd*Rage +   (no boots)
Stlth    ..........             V - amulet "Tinilloi" {Gourm rC+ Str+3 Slay+5 Stlth+}
HPRegen  0.00/turn              R - +5 ring of protection {=R}
MPRegen  0.10/turn              b - ring of protection from fire

@: non-regenerating
A: damage resistance, heal wounds, berserk 1, blurry vision 1, dopey 1, negative
energy resistance 1, sense surroundings 3, no regeneration
}: 3/15 runes: decaying, silver, gossamer
a: Heal Wounds, Minor Destruction, Lesser Servant of Makhleb, Major Destruction,
Greater Servant of Makhleb, Renounce Religion


You were on level 5 of the Realm of Zot.
You worshipped Makhleb.
Makhleb was exalted by your worship.
You were full.

You visited 8 branches of the dungeon, and saw 43 of its levels.
You also visited: Bailey and Ice Cave.

You collected 2998 gold pieces.
You spent 1198 gold pieces at shops.

Inventory:

Hand Weapons
 a - a +9 broad axe of draining (weapon)
Missiles
 g - a throwing net (quivered)
Armour
 c - a +0 kite shield (worn)
 q - the +11 plate armour of Context {Int+6}
   (You bought it in a shop on level 7 of the Dungeon)

   It affects your intelligence (+6).
   If you switch to wearing this armour, your AC will increase by 2 (42 -> 44).
 y - a +0 cloak
 L - the +2 cloak of Lobe (worn) {MR+ Int+4}
   (You found it on level 12 of the Dungeon)

   It affects your intelligence (+4).
   It affects your resistance to hostile enchantments.
   If you remove this armour, your AC will decrease by 3 (42 -> 39).
 M - a +2 pair of gloves (worn)
 P - a scarf of repulsion
 S - a +2 helmet of intelligence (worn)
 W - +6 gold dragon scales (worn)
Jewellery
 b - a ring of protection from fire (right hand)
 d - an uncursed amulet of harm
 h - a +4 ring of strength
 l - the ring of Psychosis {rC+ MR+}
   (You found it on level 3 of the Realm of Zot)

   [ring of protection from cold]

   It protects you from cold.
   It affects your resistance to hostile enchantments.
 u - an uncursed ring of poison resistance
 A - an uncursed ring of protection from cold
 E - an uncursed ring of see invisible
 R - a +5 ring of protection (left hand) {=R}
 V - the amulet "Tinilloi" (around neck) {Gourm rC+ Str+3 Slay+5 Stlth+}
   (You acquired it on level 5 of the Vaults)

   [amulet of the gourmand]

   It allows you to eat raw meat even when not hungry.
   It affects your strength (+3).
   It affects your accuracy and damage with ranged weapons and melee attacks
   (+5).
   It protects you from cold.
   It makes you more stealthy.
 X - an uncursed ring of resist corrosion
Wands
 f - a wand of polymorph (7)
 r - a wand of scattershot (2)
 v - a wand of iceblast (24)
 H - a wand of acid (27) {@v1}
 J - a wand of flame (47)
 Q - a wand of paralysis (11)
 Y - a wand of clouds (4)
Scrolls
 w - 9 scrolls of remove curse {@r6}
 x - 3 scrolls of blinking {@r3}
 B - 5 scrolls of identify {@r1}
 I - 4 scrolls of teleportation {@r2}
 K - a scroll of fear
 N - 2 scrolls of immolation {@r4}
 O - a scroll of torment
 T - a scroll of holy word
 U - 2 scrolls of enchant weapon
Potions
 i - 6 potions of curing {@q1}
 j - 2 potions of stabbing {@q5}
 k - 2 potions of might {@q3}
 m - 4 potions of resistance {@q6}
 p - 2 potions of lignification {@q7}
 s - a potion of flight
 t - 2 potions of ambrosia
 z - 8 potions of mutation
 C - 7 potions of heal wounds {@q2}
 D - 5 potions of magic
 F - 2 potions of cancellation
 G - 4 potions of invisibility
Comestibles
 e - 34 rations


   Skills:
 * Level 18.7 Fighting
 * Level 21.4 Axes
 + Level 16.0 Armour
 - Level 5.9 Dodging
 + Level 15.2 Shields
 * Level 23.0 Invocations


You had 21 spell levels left.
You didn't know any spells.
Your spell library was empty.

Dungeon Overview and Level Annotations

Branches:
Dungeon (15/15)            Temple (1/1) D:7            Lair (4/6) D:10
  Swamp (4/4) Lair:4       Spider (4/4) Lair:4          Orc (0/2) D:10
 Vaults (5/5) D:13          Crypt (0/3) Vaults:3     Depths (5/5) D:15
    Zot (5/5) Depths:5     Bailey (visited)           IceCv (visited)

Altars:
Ashenzari
Cheibriados
Dithmenos
Elyvilon
Fedhas
Gozag
Hepliaklqana
Kikubaaqudgha
Makhleb
Nemelex Xobeh
Okawaru
Qazlal
Ru
Sif Muna
Trog
Uskayaw
Vehumet
Wu Jian
Xom
Yredelemnul
Zin
The Shining One

Shops:
D:5 ?   D:7 [=!   D:15 *   Vaults:4 (   Vaults:5 }   Depths:5 %

Portals:
Hell: Depths:5

Annotations:
Swamp:4 2 transporters, MisterFreud's ghost, adept GnCK


Innate Abilities, Weirdness & Mutations

You are resistant to damage.
You can heal yourself by infusing magical energy.
You resist negative energy. (rN+)
You passively map a large area around you.
You do not regenerate.
You tend to lose your temper in combat.
Scrolls take you a little longer to read.
You are dopey. (Int -2)


Message History

You feel better.
Reactivating autopickup.
You feel a bit more experienced.
You completely miss the storm dragon.
You feel a little less mighty now.
Your resistance to elements expires.
You feel very sick.
The electric golem blinks!
You block the storm dragon's attack. x2
The storm dragon tramples you.
You stumble backwards!
An Orb Guardian comes into view.
The reaper hits you but does no damage.
You slice the storm dragon!!
You kill the storm dragon!
Makhleb accepts your kill.
You feel better.
You feel very sick.
A curse toe comes into view.
An Orb Guardian comes into view.
You feel very sick.
The purple draconian breathes dispelling energy at you.
The bolt of dispelling energy misses you.
An Orb Guardian comes into view.
You feel very sick.
The electric golem hurls lightning at you.
The bolt of lightning hits you!
An Orb Guardian comes into view.
The electric golem hurls lightning at you.
The bolt of lightning hits you!!
The tentacled monstrosity tentacle-slaps you.
You block the tentacled monstrosity's attack.
The tentacled monstrosity tentacle-slaps you but does no damage.
You block the tentacled monstrosity's attack.
You slice the Orb Guardian!!
The Orb Guardian is moderately wounded.
You barely miss the tentacled monstrosity.
You hit the purple draconian. You drain the purple draconian.
You feel sick. You block the Orb Guardian's attack.
You block the reaper's attack.
You slice the Orb Guardian!!
The Orb Guardian is heavily wounded.
You slice the tentacled monstrosity!! You closely miss the purple draconian.
You feel sick.
The electric golem hurls lightning at you.
The bolt of lightning hits you!! You block the Orb Guardian's attack.
The tentacled monstrosity tentacle-slaps you. x2
The tentacled monstrosity tentacle-slaps you but does no damage.
The tentacled monstrosity grabs you.
The tentacled monstrosity constricts you.
You block the purple draconian's attack.
The tentacled monstrosity's grasp on you weakens, but your attempt to escape fails.
You feel very sick.
The electric golem hurls lightning at you.
The bolt of lightning hits you!!
* * * LOW HITPOINT WARNING * * *
The Orb Guardian barely misses you.
The reaper hits you from afar with a +2 antimagic scythe.
* * * LOW HITPOINT WARNING * * *
The tentacled monstrosity tentacle-slaps you but does no damage. x2
You block the tentacled monstrosity's attack.
The tentacled monstrosity constricts you.
The curse toe gestures.
The Orb Guardian hits you.
* * * LOW HITPOINT WARNING * * *
You block the purple draconian's attack.
Your blink will be uncontrolled - continue anyway?
Really read with blurry vision while enemies are nearby?
You feel sick.
The Orb Guardian hits you but does no damage. x2
You begin reading the scroll.
You continue reading the scroll.
You feel sick. You block the Orb Guardian's attack. x2
The tentacled monstrosity barely misses you.
You block the tentacled monstrosity's attack.
The tentacled monstrosity tentacle-slaps you.
* * * LOW HITPOINT WARNING * * *
x2 The tentacled monstrosity constricts you!
The curse toe gestures.
The Orb Guardian hits you but does no damage.
The deathcap releases spores at you but does no damage.
The wandering mushroom releases spores at you but does no damage.
The reaper hits you from afar with a +2 antimagic scythe!
* * * LOW HITPOINT WARNING * * *
You feel your power leaking away. The Orb Guardian barely misses you.
You block the purple draconian's attack.
The Orb Guardian hits you but does no damage.
The Orb prevents control of your translocation!
You escape the tentacled monstrosity's grasp.
You blink.
As you read the scroll of blinking {@r3}, it crumbles to dust.
An Orb Guardian comes into view.
You feel much better.
You feel very sick.
The electric golem crackles and sizzles.
The Orb Guardian moves out of view.
You feel better.
The electric golem hurls lightning at you.
The bolt of lightning hits you!!
* * * LOW HITPOINT WARNING * * *
An Orb Guardian comes into view.
The electric golem crackles and sizzles.
The electric golem hurls lightning at you.
The bolt of lightning hits you!!
You die...

▓▓▓▓.^......^...
▓▓▓............... ^
▓▓...ff2......!.... * *
▓▓ * ▓.....§†...........
, ,
...**▓..$.ffXd..........
, ,^ ,....
▓..Xf.XXf....z..... , ,
X..^.▓...XX..^.....☼....
, ,
,.....X..X^8.........z...
^ , ,
.▓.@............^○.. * ,
, , ▓..............^...
^, ,,*
▓..............^... , * *
#.......^..........
##......... ,, ,
##▓......., , , ▓▓▓..^. ,
, # * ▓▓▓▓* * , ### *##.
^, , ,


You could see an electric golem, a tentacled monstrosity, a purple draconian, 8
Orb Guardians, a reaper, 2 deathcaps and 4 wandering mushrooms.

Vanquished Creatures
  An orb of fire (Zot:5)
  A juggernaut (Depths:5)
  An ancient lich (Vaults:5)
  Xtahua (Depths:4)
  3 caustic shrikes (Depths:5)
  A curse toe (Zot:4)
  11 golden dragons
  A lich (Depths:3)
  8 tentacled monstrosities
  7 Orb Guardians (Zot:5)
  3 titans (Vaults:5)
  7 quicksilver dragons
  6 death cobs
  3 thorn hunters (Swamp:4)
  9 shadow dragons
  14 storm dragons
  2 sphinxes (Vaults:5)
  6 fire giants
  6 tengu reavers
  4 draconian monks
  2 iron dragons
  A frost giant (Vaults:3)
  5 draconian scorchers
  A deep elf sorcerer (Vaults:3)
  2 draconian knights
  An emperor scorpion (Spider:2)
  Louise (Spider:1)
  4 draconian shifters
  7 vault wardens
  2 draconian stormcallers (Zot:5)
  5 ghost moths
  12 stone giants
  5 draconian annihilators
  8 very ugly things
  8 ironheart preservers
  A war gargoyle (Vaults:5)
  A vampire knight (Depths:3)
  An entropy weaver (Vaults:5)
  2 deep elf demonologists
  8 red draconians
  6 yellow draconians
  4 black draconians
  5 green draconians
  2 deep elf annihilators (Vaults:3)
  A white draconian (Zot:2)
  9 purple draconians
  4 deep elf death magi
  8 ettins
  Josephine (Spider:1)
  2 deep elf high priests (Vaults:5)
  2 small abominations (Vaults:5)
  4 yaktaur captains
  3 fire dragons
  4 great orbs of eyes
  8 hydras
  3 rakshasas
  4 ice dragons
  23 vault guards
  A catoblepas (Lair:3)
  A shambling mangrove (Swamp:3)
  8 alligators
  7 ogre magi
  5 deep troll shamans
  A death knight (Vaults:3)
  7 centaur warriors
  A dancing weapon (Vaults:5)
  25 two-headed ogres
  2 tengu warriors
  4 deep troll earth magi
  Urug (D:11)
  4 hell knights (Depths:5)
  3 deep elf knights
  Nergalle (Lair:2)
  4 iron trolls
  2 flayed ghosts
  2 unseen horrors
  15 deep trolls
  3 wizards
  2 deep elf archers
  3 phantasmal warriors (Vaults:5)
  3 lindwurms (Swamp:4)
  10 ironbrand convokers
  4 deep elf magi
  A necromancer (Depths:5)
  4 swamp dragons (Swamp:4)
  27 wolf spiders
  6 ugly things
  4 orc knights
  A cyclops (D:14)
  11 moths of wrath
  10 orb spiders
  10 slime creatures
  3 manticores
  7 elephants
  3 black mambas
  12 vault sentinels
  2 spiny frogs
  3 torpor snails
  A gargoyle (D:14)
  13 yaktaurs
  A rime drake (Lair:3)
  A komodo dragon (shapeshifter) (Depths:2)
  6 freezing wraiths
  A komodo dragon (Lair:1)
  5 demonic crawlers
  4 centaur skeletons
  15 jumping spiders
  4 trolls
  16 hornets
  A meliai (shapeshifter) (Vaults:5)
  A polar bear (Lair:4)
  4 tyrant leeches
  Grinder (D:5)
  3 bog bodies
  8 hippogriffs
  A dream sheep (shapeshifter) (Vaults:5)
  3 hippogriffs (shapeshifter)
  5 blink frogs (Lair:4)
  A shadow (Swamp:4)
  33 redbacks
  11 spriggans
  7 wraiths
  A wyvern (Lair:2)
  15 yaks
  13 tarantellas
  A yak (shapeshifter) (Vaults:1)
  16 humans (D:13)
  2 basilisks
  A hungry ghost (D:12)
  17 vampire mosquitoes
  A soldier ant (D:10)
  2 swamp worms
  An acid dragon (D:11)
  2 wargs (Vaults:2)
  7 water moccasins
  Duvessa (D:6)
  4 porcupines
  12 orc warriors
  6 sky beasts
  An ice beast (shapeshifter) (Vaults:1)
  5 swamp drakes
  7 ice beasts
  24 ogres
  8 necrophages
  2 phantoms
  3 boggarts (D:15)
  10 wolves (Lair:3)
  15 centaurs
  A centaur (shapeshifter) (Vaults:5)
  A big kobold (D:9)
  9 crocodiles
  Blork the orc (D:5)
  12 bullfrogs
  A wyvern zombie (D:6)
  Dowan (D:6)
  A water moccasin zombie (D:6)
  A scorpion (D:14)
  A wyvern skeleton (D:14)
  17 killer bees
  4 wights (D:10)
  5 crimson imps
  A centaur zombie (D:7)
  3 jellies
  4 hounds
  A quasit (D:15)
  Crazy Yiuf (D:5)
  12 orc priests
  A bullfrog skeleton (D:4)
  An iguana (shapeshifter) (Vaults:3)
  Ijyb (D:3)
  17 orc wizards
  12 worker ants
  4 iguanas
  A worker ant (shapeshifter) (D:15)
  A killer bee zombie (D:4)
  A hound skeleton (D:4)
  A worker ant zombie (D:7)
  20 adders
  2 howler monkey skeletons
  20 gnolls
  2 shadow imps
  2 oozes (D:4)
  An adder zombie (D:9)
  2 adder skeletons
  A worm (D:5)
  4 dart slugs
  51 orcs
  7 giant cockroaches
  5 goblins
  16 hobgoblins
  15 jackals
  18 kobolds
  5 quokkas
  3 ball pythons
  2 bats
  A quokka zombie (D:6)
  6 rats
  5 fungi
  A plant (Lair:4)
1117 creatures vanquished.

Vanquished Creatures (collateral kills)
  A caustic shrike (Depths:5)
  A tentacled monstrosity (Zot:3)
  A lich (Vaults:5)
  A death cob (Zot:3)
  A titan (Vaults:5)
  3 ghost moths
  A draconian stormcaller (Zot:3)
  2 stone giants
  A green draconian (Depths:5)
  2 ettins (Vaults:5)
  2 vault guards (Vaults:5)
  3 hydras (Swamp:4)
  A hell knight (Depths:5)
  A deep elf knight (Vaults:5)
  2 swamp dragons (Swamp:4)
  3 wolf spiders (Spider:4)
  5 orb spiders
  2 demonic crawlers
  6 jumping spiders
  A tarantella (Spider:4)
  8 redbacks (Spider:4)
  An electric eel (Spider:4)
49 creatures vanquished.

Vanquished Creatures (others)
  An ancient lich (Vaults:5)
  A draconian knight (Zot:4)
  A moth of wrath (Zot:3)
  2 briar patches (Swamp:4)
  A fungus (Lair:4)
  2 plants (Lair:4)
8 creatures vanquished.

Grand Total: 1174 creatures vanquished

Notes
Turn   | Place    | Note
-------+----------+-------------------------------------------
     0 | D:1      | EnegeticOcto the Deep Dwarf Fighter began the quest for the
                  | Orb.
     0 | D:1      | Reached XP level 1. HP: 20/20 MP: 1/1
    34 | D:2      | Reached XP level 2. HP: 27/27 MP: 2/2
   302 | D:2      | Reached XP level 3. HP: 30/34 MP: 3/3
   644 | D:3      | Reached XP level 4. HP: 32/42 MP: 4/4
   697 | D:4      | Noticed an ogre
   841 | D:4      | Found a white marble altar of Elyvilon.
   870 | D:4      | Got a crude battleaxe
   871 | D:4      | Identified the +3 battleaxe of Tahepp {freeze, rElec MR+
                  | Dex+4 Stlth+} (You found it on level 4 of the Dungeon)
   899 | D:4      | Found a shimmering altar of Xom.
   999 | D:4      | Reached skill level 1 in Dodging
   999 | D:4      | Reached XP level 5. HP: 25/50 MP: 5/5
  1255 | D:4      | Found a radiant altar of Vehumet.
  1272 | D:4      | Found a snail-covered altar of Cheibriados.
  1278 | D:4      | Found an ornate altar of the Wu Jian Council.
  1679 | D:4      | Killed an ogre
  1679 | D:4      | Reached XP level 6. HP: 27/57 MP: 5/5
  1741 | D:5      | Entered Level 5 of the Dungeon
  1751 | D:5      | Noticed Grinder
  1756 | D:5      | Paralysed by Grinder for 6 turns
  1781 | D:5      | Paralysed by Grinder for 7 turns
  1790 | D:5      | Killed Grinder
  1790 | D:5      | Reached skill level 5 in Axes
  1790 | D:5      | Reached XP level 7. HP: 66/66 MP: 4/4
  1902 | D:5      | Reached skill level 5 in Fighting
  1924 | D:5      | Reached skill level 5 in Armour
  2152 | D:5      | Found Koyffod's Magic Scroll Emporium.
  2225 | D:5      | Found a runed translucent door.
  2226 | D:5      | Noticed Crazy Yiuf
  2227 | D:5      | Noticed Blork the orc
  2342 | D:5      | Reached XP level 8. HP: 46/75 MP: 5/5
  2402 | D:5      | Bought a scroll of magic mapping for 49 gold pieces
  2402 | D:5      | Bought a scroll of enchant weapon for 105 gold pieces
  2555 | D:5      | Killed Crazy Yiuf
  2561 | D:5      | Killed Blork the orc
  2869 | D:6      | Noticed Dowan
  2870 | D:6      | Noticed Duvessa
  2876 | D:6      | Killed Duvessa
  2881 | D:6      | Killed Dowan
  3073 | D:6      | Gained mutation: You passively map the area around you.
                  | [Deep Dwarf growth]
  3073 | D:6      | Reached XP level 9. HP: 61/85 MP: 4/4
  3420 | D:7      | Found a flagged portal.
  3432 | Bailey   | Entered a bailey
  3577 | Bailey   | Reached skill level 5 in Dodging
  3700 | D:7      | Found an iron altar of Okawaru.
  3707 | D:7      | Found Mevuaff's Antique Armour Boutique.
  3709 | D:7      | Found Maqyulupn's Distillery.
  3745 | D:7      | Found a staircase to the Ecumenical Temple.
  3759 | Temple   | Entered the Ecumenical Temple
  4073 | D:7      | Found a shimmering altar of Xom.
  4151 | D:7      | Found Nasiown's Jewellery Shop.
  4860 | D:3      | Noticed Ijyb
  4871 | D:3      | Killed Ijyb
  5445 | D:8      | Found a shattered altar of Ashenzari.
  5501 | D:8      | Noticed a troll
  5511 | D:8      | Killed a troll
  5534 | D:8      | Reached XP level 10. HP: 63/96 MP: 5/5
  5548 | D:8      | Found a shadowy altar of Dithmenos.
  5687 | D:8      | Found a burning altar of Makhleb.
  5687 | D:8      | Noticed a blizzard demon
  5690 | D:8      | Noticed an orange demon
  5692 | D:8      | Became a worshipper of Makhleb the Destroyer
  5753 | D:8      | Identified 2 scrolls of acquirement
  5753 | D:8      | Identified the amulet "Pyis" {+Rage rC+} (You acquired it
                  | on level 8 of the Dungeon)
  5762 | D:8      | Identified the amulet "Yppanly" {RegenMP +Blink} (You
                  | acquired it on level 8 of the Dungeon)
  5808 | D:7      | Bought a jacinth-encrusted plate armour for 784 gold pieces
  5818 | D:7      | Identified the +11 plate armour of Context {Int+6} (You
                  | bought it in a shop on level 7 of the Dungeon)
  5880 | D:8      | Found a blossoming altar of Fedhas.
  6070 | D:9      | Reached skill level 1 in Invocations
  6292 | D:9      | Reached * piety under Makhleb
  6292 | D:9      | Reached skill level 2 in Invocations
  6418 | D:9      | Found a sparkling altar of Nemelex Xobeh.
  6491 | D:9      | Noticed a two-headed ogre
  6496 | D:9      | Killed a two-headed ogre
  6496 | D:9      | Reached skill level 3 in Invocations
  6654 | D:10     | Entered Level 10 of the Dungeon
  6672 | D:10     | Reached skill level 10 in Axes
  6682 | D:10     | Reached skill level 4 in Invocations
  6724 | D:10     | Noticed a centaur warrior
  6735 | D:10     | Killed a centaur warrior
  6763 | D:10     | Found a staircase to the Orcish Mines.
  6888 | D:10     | Noticed a two-headed ogre
  6891 | D:10     | Killed a two-headed ogre
  6891 | D:10     | Reached skill level 5 in Shields
  6891 | D:10     | Reached skill level 5 in Invocations
  6994 | D:10     | Found a staircase to the Lair.
  6994 | D:10     | Noticed an elephant
  7000 | D:10     | Reached XP level 11. HP: 95/106 MP: 9/9
  7006 | D:10     | Reached skill level 6 in Invocations
  7053 | D:10     | Reached ** piety under Makhleb
  7422 | D:11     | Noticed an unseen horror
  7424 | D:11     | Killed an unseen horror
  7446 | D:11     | Noticed a purple ugly thing
  7457 | D:11     | Killed a purple ugly thing
  7667 | D:11     | Reached skill level 7 in Invocations
  7775 | D:11     | Found a frozen archway.
  7789 | IceCv    | Entered an ice cave
  7789 | IceCv    | Noticed a white ugly thing
  7794 | IceCv    | Killed a white ugly thing
  7801 | IceCv    | Found a transporter.
  7936 | D:7      | Bought an uncursed ring of poison resistance for 260 gold
                  | pieces
  8012 | Lair:1   | Entered Level 1 of the Lair of Beasts
  8111 | Lair:2   | Noticed Nergalle
  8126 | Lair:2   | Reached skill level 10 in Fighting
  8131 | Lair:2   | Killed Nergalle
  8131 | Lair:2   | Reached skill level 8 in Invocations
  8861 | Lair:3   | Reached *** piety under Makhleb
  8928 | Lair:3   | Reached XP level 12. HP: 116/116 MP: 12/12
  8959 | Lair:3   | Reached skill level 9 in Invocations
  9452 | Lair:3   | Noticed a catoblepas
  9466 | Lair:3   | Killed a catoblepas
  9592 | Lair:4   | Found a hole to the Spider Nest.
  9617 | Lair:4   | Reached skill level 10 in Invocations
  9921 | Lair:4   | Found a staircase to the Swamp.
  9952 | Lair:4   | Reached **** piety under Makhleb
 10405 | D:11     | Noticed Urug
 10678 | D:12     | Paralysed by a hornet for 3 turns
 10685 | D:12     | Identified the +2 cloak of Lobe {MR+ Int+4} (You found it
                  | on level 12 of the Dungeon)
 10721 | D:13     | Found a gate to the Vaults.
 10721 | D:13     | Noticed a centaur warrior
 10721 | D:13     | Noticed a two-headed ogre
 10726 | D:13     | Reached skill level 11 in Invocations
 10729 | D:13     | Reached XP level 13. HP: 127/127 MP: 15/15
 10737 | D:13     | Reached ***** piety under Makhleb
 10750 | D:13     | Reached skill level 10 in Armour
 11215 | D:15     | Entered Level 15 of the Dungeon
 11219 | D:15     | Reached skill level 12 in Invocations
 11273 | D:15     | Found an opulent altar of Gozag.
 11277 | D:15     | Found Gozag's Platinum Reserve.
 11671 | D:15     | Noticed a fire dragon
 11693 | D:15     | Killed a fire dragon
 11697 | D:15     | Found a staircase to the Depths.
 11967 | D:11     | Killed Urug
 12053 | Spider:1 | Entered Level 1 of the Spider Nest
 12138 | Spider:1 | Noticed Josephine
 12156 | Spider:1 | Killed Josephine
 12156 | Spider:1 | Gained mutation: You resist negative energy. (rN+) [Deep
                  | Dwarf growth]
 12156 | Spider:1 | Reached XP level 14. HP: 138/138 MP: 15/15
 12166 | Spider:1 | Reached ****** piety under Makhleb
 12171 | Spider:1 | Noticed Louise
 12196 | Spider:1 | Reached skill level 13 in Invocations
 12213 | Spider:1 | Killed Louise
 12278 | Spider:2 | Noticed an emperor scorpion
 12377 | Spider:4 | Entered Level 4 of the Spider Nest
 12475 | Spider:4 | Killed a ghost moth
 12627 | Spider:4 | Reached skill level 14 in Invocations
 12723 | Spider:4 | Killed a ghost moth
 12745 | Spider:4 | Killed a ghost moth
 12770 | Spider:4 | Noticed an emperor scorpion
 12780 | Spider:4 | Got a gossamer rune of Zot
 12847 | Spider:2 | Reached skill level 15 in Axes
 12864 | Spider:2 | Reached XP level 15. HP: 130/147 MP: 11/16
 13021 | Swamp:1  | Entered Level 1 of the Swamp
 13100 | Swamp:1  | Reached skill level 10 in Shields
 13203 | Swamp:2  | Reached skill level 15 in Invocations
 13348 | Swamp:4  | Entered Level 4 of the Swamp
 13379 | Swamp:4  | Identified the +3 quick blade of the Yoke {venom, +Fly rN+
                  | MR- Str+2}
 13392 | Swamp:4  | Identified the +2 rapier "Cecwaurph" {elec, Stlth+}
 13403 | Swamp:4  | Noticed a thorn hunter
 13423 | Swamp:4  | Killed a thorn hunter
 13427 | Swamp:4  | Noticed MisterFreud's ghost (adept GnCK)
 13434 | Swamp:4  | Found a bloodstained altar of Trog.
 13435 | Swamp:4  | Found a transporter.
 13441 | Swamp:4  | Found a transporter.
 13644 | Swamp:4  | Noticed a thorn hunter
 13650 | Swamp:4  | Noticed a thorn hunter
 13664 | Swamp:4  | Killed a thorn hunter
 13682 | Swamp:4  | Killed a thorn hunter
 13682 | Swamp:4  | Reached skill level 16 in Invocations
 13682 | Swamp:4  | Reached XP level 16. HP: 123/159 MP: 17/19
 13719 | Swamp:4  | Got a decaying rune of Zot
 13938 | Vaults:1 | Entered Level 1 of the Vaults
 14489 | Vaults:3 | Noticed a Tzitzimitl
 14509 | Vaults:3 | Reached skill level 17 in Invocations
 14716 | Vaults:3 | Found a staircase to the Crypt.
 14716 | Vaults:3 | Found a basalt altar of Yredelemnul.
 14717 | Vaults:3 | Found an ancient bone altar of Kikubaaqudgha.
 14728 | Vaults:3 | Reached XP level 17. HP: 157/168 MP: 20/20
 14889 | Vaults:4 | Found Xoch's Weapon Shop.
 14901 | Vaults:5 | Entered Level 5 of the Vaults
 14933 | Vaults:5 | Reached skill level 15 in Fighting
 15018 | Vaults:5 | Reached skill level 18 in Invocations
 15235 | Vaults:5 | Noticed a Brimstone Fiend
 15268 | Vaults:5 | Noticed a titan
 15270 | Vaults:5 | Noticed a quicksilver dragon
 15273 | Vaults:5 | Noticed a titan
 15291 | Vaults:5 | Noticed a tentacled monstrosity
 15297 | Vaults:5 | Killed a quicksilver dragon
 15305 | Vaults:5 | Noticed a golden dragon
 15316 | Vaults:5 | Killed a tentacled monstrosity
 15316 | Vaults:5 | Gained mutation: You passively map a large area around you.
                  | [Deep Dwarf growth]
 15316 | Vaults:5 | Reached XP level 18. HP: 180/180 MP: 19/19
 15316 | Vaults:5 | Noticed an ancient lich
 15333 | Vaults:5 | Noticed a Tzitzimitl
 15367 | Vaults:5 | Noticed a Brimstone Fiend
 15367 | Vaults:5 | Noticed a tentacled monstrosity
 15381 | Vaults:5 | Noticed a lich
 15381 | Vaults:5 | Killed an ancient lich
 15390 | Vaults:5 | Killed a tentacled monstrosity
 15397 | Vaults:5 | Killed a golden dragon
 15402 | Vaults:5 | Reached skill level 19 in Invocations
 15404 | Vaults:5 | Killed a lich
 15503 | Vaults:5 | Noticed a tentacled monstrosity
 15504 | Vaults:5 | Noticed an ancient lich
 15519 | Vaults:5 | Killed a tentacled monstrosity
 15544 | Vaults:5 | Killed an ancient lich
 15616 | Vaults:5 | Reached XP level 19. HP: 104/190 MP: 9/9
 15639 | Vaults:5 | Noticed a golden dragon
 15650 | Vaults:5 | Killed a golden dragon
 15690 | Vaults:5 | Identified the amulet "Tinilloi" {Gourm rC+ Str+3 Slay+5
                  | Stlth+} (You acquired it on level 5 of the Vaults)
 15696 | Vaults:5 | Found Dumepaul's Gadget Boutique.
 15884 | Vaults:5 | Reached skill level 20 in Invocations
 15939 | Vaults:5 | Got a silver rune of Zot
 16568 | Depths:1 | Entered Level 1 of the Depths
 16637 | Depths:3 | Noticed a lich
 16656 | Depths:3 | Killed a lich
 16685 | Depths:4 | Noticed Xtahua
 16695 | Depths:4 | Killed Xtahua
 16724 | Depths:5 | Entered Level 5 of the Depths
 16724 | Depths:5 | Found Quvo's Food Boutique.
 16855 | Depths:5 | Noticed a caustic shrike
 16858 | Depths:5 | Noticed a caustic shrike
 16859 | Depths:5 | Noticed a caustic shrike
 16860 | Depths:5 | Noticed a caustic shrike
 16869 | Depths:5 | Killed a caustic shrike
 16901 | Depths:5 | Killed a caustic shrike
 16925 | Depths:5 | Killed a caustic shrike
 16925 | Depths:5 | Reached XP level 20. HP: 164/201 MP: 7/7
 16980 | Depths:5 | Found a gateway to Hell.
 16985 | Depths:5 | Noticed a juggernaut
 17006 | Depths:5 | Killed a juggernaut
 17006 | Depths:5 | Reached skill level 21 in Invocations
 17061 | Depths:5 | Killed a caustic shrike
 17087 | Depths:5 | Noticed a golden dragon
 17090 | Depths:5 | Found a gate to the Realm of Zot.
 17097 | Depths:5 | Killed a golden dragon
 17126 | Zot:1    | Entered Level 1 of the Realm of Zot
 17364 | Zot:2    | Reached skill level 15 in Armour
 17416 | Zot:3    | Noticed a golden dragon
 17418 | Zot:3    | Identified the ring of Psychosis {rC+ MR+} (You found it on
                  | level 3 of the Realm of Zot)
 17426 | Zot:3    | Noticed a golden dragon
 17426 | Zot:3    | Noticed a golden dragon
 17428 | Zot:3    | Killed a golden dragon
 17441 | Zot:3    | Noticed a golden dragon
 17441 | Zot:3    | Noticed a golden dragon
 17596 | Zot:3    | Killed a golden dragon
 17600 | Zot:3    | Killed a golden dragon
 17609 | Zot:3    | Killed a golden dragon
 17617 | Zot:3    | Reached XP level 21. HP: 204/211 MP: 0/5
 17626 | Zot:3    | Killed a golden dragon
 17630 | Zot:3    | Reached skill level 22 in Invocations
 17837 | Zot:3    | You fall into a shaft and drop 1 floor!
 17839 | Zot:4    | Noticed a curse toe
 17851 | Zot:4    | Killed a curse toe
 17852 | Zot:4    | Noticed a golden dragon
 17859 | Zot:4    | Killed a golden dragon
 17912 | Zot:4    | Noticed a golden dragon
 17932 | Zot:4    | Killed a golden dragon
 17967 | Zot:5    | Entered Level 5 of the Realm of Zot
 17990 | Zot:5    | Noticed a golden dragon
 18014 | Zot:5    | Killed a golden dragon
 18077 | Zot:5    | Reached skill level 15 in Shields
 18132 | Zot:5    | Reached XP level 22. HP: 223/223 MP: 6/6
 18155 | Zot:5    | Noticed an orb of fire
 18160 | Zot:5    | Noticed an orb of fire
 18163 | Zot:5    | Noticed an orb of fire
 18166 | Zot:5    | Noticed a Killer Klown
 18167 | Zot:5    | Gained mutation: You are dopey. (Int -2) [an orb of fire]
 18168 | Zot:5    | Noticed an orb of fire
 18175 | Zot:5    | Killed an orb of fire
 18175 | Zot:5    | Reached skill level 23 in Invocations
 18178 | Zot:5    | Gained mutation: Scrolls take you a little longer to read.
                  | [an orb of fire]
 18179 | Zot:5    | Noticed an ancient lich
 18183 | Zot:5    | Gained mutation: You tend to lose your temper in combat.
                  | [an orb of fire]
 18187 | Zot:5    | Noticed an ancient lich
 18187 | Zot:5    | Noticed a golden dragon
 18188 | Zot:5    | Noticed a Killer Klown
 18197 | Zot:5    | Noticed a Killer Klown
 18216 | Zot:5    | Noticed a curse toe
 18226 | Zot:5    | Killed from afar by an electric golem

Levels and vault maps discovered:
D:1:      minmay_arrival_semitransparent, layout_loops_ring
D:2:      layout_loops_ring
D:3:      layout_loops_ring, uniq_ijyb
D:4:      layout_basic, xom_confusion_cloud, elyvilon_altar_5,
          minmay_overflow_temple_star_quad, first_ration,
          serial_co_window_serial, co_window_corner_a, co_window_paths_a,
          co_window_corner_a, co_window_paths_b, co_window_paths_b,
          co_window_paths_b, co_window_broadway_b, co_window_unsneaky_path_c,
          co_window_cross_4, co_window_cross_2, co_window_cross_2,
          glass_columns_a, glass_columns_c, serial_bayou_pond_e,
          corexii_hall_statues_i, grunt_tough_drop
D:5:      layout_loops_ring, serial_shops, nicolae_shop_waterfront,
          uniq_grinder, uniq_crazy_yiuf_cottage, uniq_blork_the_orc
D:6:      layout_gridville, uniq_duvessa
D:7:      layout_cave_pools, okawaru_trees_1, minmay_temple_entry_proselytizer,
          serial_shops, shop, shop, nicolae_shop_crystal, basic_altar,
          enter_bailey_3
D:8:      layout_cave_pools, ashenzari_altar_1, makhleb_altar_promises_db,
          lemuel_coloured_pillars_altar, fedhas_altar_1
D:9:      layout_loops_ring, lemuel_crystal_altar
D:10:     layout_basic, david_lair_generic, orc_0_dummy, grunt_ogre_cave
D:11:     layout_loops_corners, serial_co_window_serial, co_window_paths_b,
          co_window_corner_a, co_window_corner_a, co_window_corner_a,
          co_window_corner_a, co_window_corner_a, co_window_cross_1,
          co_window_broadway_a, co_window_broadway_c, co_window_broadway_b,
          co_window_corner_b, co_window_of_opportunity_c, glass_columns_a,
          glass_columns_a, portal_ice_cave_entry_pillars_2,
          small_statue_alley_a, uniq_erica, uniq_urug
D:12:     layout_basic, special_room [special_room_orc], st_stairs_5
D:13:     layout_roguey, david_vaults_3, serial_rivers,
          chequers_serial_rivers_micro_d, chequers_serial_rivers_small_3,
          chequers_serial_rivers_small_b, chequers_serial_rivers_micro_e,
          chequers_serial_rivers_large_b, uniq_nessos, uniq_rupert
D:14:     layout_grid_maze, minmay_splitting_lines, nrook_campfire,
          minmay_librarian
D:15:     grunt_enter_depths_hoard, layout_basic, chequers_jeans,
          nicolae_gozag_zags_fifth_avenue
Temple:   hc_temple_tempest_star
Lair:1:   layout_regular_city, worms_lemuel
Lair:2:   layout_loops_ring, uniq_nergalle
Lair:3:   layout_regular_city
Lair:4:   layout_loops_ring, skrybe_swamp_entry_bodies, spider_nest_entry_webs,
          serial_forest, infiniplex_forest_lined_4_way,
          infiniplex_forest_lined_3, infiniplex_forest_zigzag_1,
          infiniplex_forest_clump_long, infiniplex_forest_straight_4,
          infiniplex_forest_end_double, infiniplex_forest_end_3,
          infiniplex_forest_end_double, infiniplex_forest_straight_1,
          infiniplex_forest_end_1, roderic_carrion_pond, serial_bayou_shore_b
Swamp:1:  layout_falls_marsh, evilmike_swamp_ruin_house_5, uniq_frances
Swamp:2:  layout_basic_swamp, evilmike_swamp_ruin_rubble_1
Swamp:3:  layout_falls_marsh, evilmike_swamp_ruin_house_6, uniq_mara
Swamp:4:  swamp_alternative, layout_basic_swamp,
          gammafunk_ghost_wrathful_warriors, nicolae_swamp_spriggan_camp
Spider:1: layout_spider_delve, uniq_josephine, uniq_louise
Spider:2: layout_spider_delve, nicolae_orb_stairs
Spider:3: layout_spider_delve, nicolae_spider_cling_halls
Spider:4: spider_rune_water
Vaults:1: vaults_room_door_ring, nicolae_vaults_angled_halls, v_rooms_4,
          nicolae_vaults_hallways_thing, nicolae_vaults_yaktaur_gun_rack,
          hangedman_vaults_pinch, v_misc_3, sword_in_stone, vaults_mumra_lcd,
          layout_vaults_omnigrid, serial_shops, bzr_entry_dummy
Vaults:2: st_quartered_hall, hangedman_vaults_stitches, v_misc_3,
          vaults_mumra_hexcomb, v_misc_4, nicolae_vaults_alarming, v_misc_26,
          nicolae_vaults_ring_of_whatevers, v_alt_pattern_1,
          nicolae_vaults_ring_of_whatevers, nicolae_vaults_little_squares_2,
          nicolae_vaults_little_squares_6, layout_vaults_omnibox,
          uniq_saint_roka
Vaults:3: hangedman_vaults_slither, nicolae_vaults_branching_niches,
          vaults_dpeg_ring, vaults_mumra_chevron, grunt_vaults_swirl,
          vaults_room_door_hall, minmay_crypt_entry_necro_gods, v_rooms_3,
          vaults_room_semicircle, vaults_room_corners, ontoclasm_vaults_gateway,
          ontoclasm_vaults_chip, layout_vaults_big_room
Vaults:4: nicolae_vaults_network_quincunx
          [nicolae_vaults_network_quincunx_subvault,
          nicolae_vaults_network_quincunx_subvault,
          nicolae_vaults_network_quincunx_subvault,
          nicolae_vaults_network_quincunx_subvault,
          nicolae_vaults_network_quincunx_subvault], hangedman_vaults_maws,
          v_misc_26, st_greater_box_4, v_misc_30, grunt_vaults_twisty,
          vaults_room_mumra_shop_pool, grunt_vaults_bifocal,
          nicolae_vaults_little_ls, hangedman_vaults_slice,
          ontoclasm_vaults_bender, ontoclasm_vaults_hangar, vaults_dpeg_hooks,
          layout_vaults_maze, serial_shops, shop
Vaults:5
Depths:1: layout_cave_pools, hangedman_abyss_or_decor_stabs, hell_entry,
          ebering_ghost_reflecting_pool, lemuel_flamethrower_3, uniq_bai_suzhen
Depths:2: minmay_the_grid_triangle_9x9_recursive_2_mashed
          [minmay_the_grid_triangle_9x9_prize_center,
          minmay_the_grid_triangle_9x9_limited_checkers,
          minmay_the_grid_triangle_9x9_alien,
          minmay_the_grid_triangle_9x9_shrine], layout_cross, hell_entry,
          nicolae_abyss_entry_one_way_or_another, serial_sigils,
          serial_sigils_hangedman_snap, serial_sigils_hangedman_stare,
          serial_sigils_hangedman_scratch, serial_sigils_hangedman_quiver,
          serial_sigils_hangedman_gnaw, serial_sigils_hangedman_writhe,
          grunt_pan_entry_zigzag
Depths:3: regret_index_dithmenos_brocken_genspenst, layout_cave_pools,
          rand_demon_pan_entry_5, serial_column_ruins, column_ruins_hut,
          column_ruins_columns_corner, column_ruins_columns_straight,
          column_ruins_corridor_straight, column_ruins_open_tiny,
          column_ruins_corridor_corner, column_ruins_open_small,
          column_ruins_columns_straight, grunt_hell_entry_dis_grunt,
          hangedman_decor_points, hangedman_abyss_or_decor_lesser_grid
Depths:4: minmay_slanted_spiral_squares, layout_gridville,
          chequers_serial_rivers_micro_b, abyss_entry, hell_entry,
          hangedman_aerie_drop, infiniplex_staircase_diamond, minmay_shop_grove,
          uniq_xtahua
Depths:5: evilmike_zot_entry_argh, layout_cave_shapes, enter_ziggurat_f,
          abyss_entry_crystal, serial_shops, shop, hell_entry, st_stairs_7,
          kilobyte_mutagenic_chamber, uniq_sojobo
Zot:1:    lemuel_draconian_sentries, layout_basic
Zot:2:    layout_gridlike, st_large_dragon_hoard_4
Zot:3:    layout_gridville, evilmike_ambush [evilmike_ambush_outer_pillars,
          evilmike_ambush_inner_wall_1]
Zot:4:    gammafunk_sealed_arena, layout_misc_corridors
Zot:5:    layout_onion

Skill      XL: |  1  2  3  4  5  6  7  8  9 10 11 12 13 14 15 16 17 18 19 20 21 22 |
---------------+-------------------------------------------------------------------+-----
Fighting       | 3 4 5 6 8 9 10 11 12 13 14 15 16 17 18 | 18.7
Axes           | 3 4 5 6 7 9 10 11 12 14 15 16 17 18 19 20 21 | 21.4
Dodging        | 1 2 3 4 5 |  5.9
Armour         | 4 5 6 7 8 9 10 11 12 13 14 15 16 | 16.0
Invocations    | 5 8 11 12 14 16 17 18 19 20 21 22 23 | 23.0
Shields        | 5 6 7 8 9 10 11 12 13 14 15 | 15.2

Action                   |  1- 3 |  4- 6 |  7- 9 | 10-12 | 13-15 | 16-18 | 19-21 | 22-24 || total
-------------------------+-------+-------+-------+-------+-------+-------+-------+-------++-------
Melee: War axe           |    80 |     6 |       |       |       |       |       |       ||    86
       Battleaxe         |       |    70 |   312 |     2 |       |       |       |       ||   384
       Broad axe         |       |       |       |   431 |   870 |   839 |   868 |    43 ||  3051
Invok: Lesser Servant of |       |       |       |       |    12 |       |     2 |       ||    14
       Greater Servant o |       |       |       |       |     5 |     3 |     4 |     1 ||    13
 Abil: Heal Wounds       |       |     5 |    10 |     3 |    16 |    46 |    23 |     4 ||   107
Evoke: Wand              |       |       |       |     3 |       |     1 |     5 |       ||     9
  Use: Scroll            |       |       |     2 |    32 |     9 |     4 |    12 |     2 ||    61
       Potion            |       |       |       |       |     3 |     5 |     1 |     7 ||    16
 Stab: Distracted        |       |       |       |       |     3 |     1 |     5 |       ||     9
       Confused          |       |       |       |       |     1 |       |     3 |       ||     4
  Eat: Chunk             |       |     2 |    13 |    15 |     7 |     4 |    25 |       ||    66
       Ration            |       |       |       |     1 |     2 |       |       |       ||     3
Armor: Scale mail        |    28 |    44 |     8 |       |       |       |       |       ||    80
       Chain mail        |       |       |    56 |       |       |       |       |       ||    56
       Plate armour      |       |       |   157 |   314 |  1241 |   628 |    35 |       ||  2375
       Gold dragon scale |       |       |       |       |       |       |   730 |    70 ||   800
Dodge: Dodged            |    28 |    56 |   275 |   132 |   471 |   268 |   307 |    14 ||  1551
Block: Kite shield       |    48 |     3 |       |   246 |   775 |   551 |   621 |    43 ||  2287

Table legend:
 A = Non-vault XP
 B = Vault XP
 C = Vault XP percentage of total XP
 D = Non-vault monster count
 E = Vault monster count
 F = Vault count percentage of total count
                 A         B        C        D         E       F
            +---------+---------+-------+---------+---------+-------
      Total |  418856 |  308963 |  42.5 |     818 |     345 |  29.7
            +---------+---------+-------+---------+---------+-------
        D:1 |       5 |       0 |   0.0 |       2 |       0 |   0.0
        D:2 |      66 |       0 |   0.0 |      17 |       0 |   0.0
        D:3 |     248 |      36 |  12.7 |      27 |       1 |   3.6
        D:4 |     279 |      99 |  26.2 |      10 |       7 |  41.2
        D:5 |     745 |     417 |  35.9 |      33 |       3 |   8.3
        D:6 |    1104 |     220 |  16.6 |      18 |       2 |  10.0
        D:7 |     954 |      50 |   5.0 |      25 |       5 |  16.7
        D:8 |     992 |       0 |   0.0 |      13 |       0 |   0.0
        D:9 |    2268 |       0 |   0.0 |      36 |       0 |   0.0
       D:10 |    2242 |    1853 |  45.3 |      19 |       5 |  20.8
       D:11 |    3522 |     827 |  19.0 |      22 |       1 |   4.3
       D:12 |    1336 |       0 |   0.0 |      19 |       0 |   0.0
       D:13 |    3020 |    6081 |  66.8 |      18 |      20 |  52.6
       D:14 |    4402 |       0 |   0.0 |      18 |       0 |   0.0
       D:15 |    7899 |    1990 |  20.1 |      28 |       2 |   6.7
     Lair:1 |     893 |       0 |   0.0 |       5 |       0 |   0.0
     Lair:2 |    2307 |     800 |  25.7 |      11 |       1 |   8.3
     Lair:3 |    4569 |       0 |   0.0 |      23 |       0 |   0.0
     Lair:4 |    8352 |    1342 |  13.8 |      29 |       9 |  23.7
    Swamp:1 |    6097 |       0 |   0.0 |      14 |       0 |   0.0
    Swamp:2 |    7173 |       0 |   0.0 |      16 |       0 |   0.0
    Swamp:3 |    6067 |       0 |   0.0 |      12 |       0 |   0.0
    Swamp:4 |   11520 |   18302 |  61.4 |      24 |      23 |  48.9
   Spider:1 |    9426 |    3293 |  25.9 |      31 |       5 |  13.9
   Spider:2 |   13498 |       0 |   0.0 |      38 |       0 |   0.0
   Spider:3 |    4230 |       0 |   0.0 |      10 |       0 |   0.0
   Spider:4 |    5387 |   12239 |  69.4 |      16 |      36 |  69.2
   Vaults:1 |    8551 |    2277 |  21.0 |      20 |       4 |  16.7
   Vaults:2 |    5360 |    4456 |  45.4 |      15 |       8 |  34.8
   Vaults:3 |   28977 |   15978 |  35.5 |      38 |      34 |  47.2
   Vaults:5 |   38107 |  140073 |  78.6 |      47 |      97 |  67.4
   Depths:1 |    2152 |       0 |   0.0 |       4 |       0 |   0.0
   Depths:2 |    5078 |       0 |   0.0 |       8 |       0 |   0.0
   Depths:3 |   25133 |       0 |   0.0 |      28 |       0 |   0.0
   Depths:4 |       0 |    4970 | 100.0 |       0 |       1 | 100.0
   Depths:5 |   53077 |   12962 |  19.6 |      34 |       9 |  20.9
      Zot:1 |    6991 |       0 |   0.0 |       3 |       0 |   0.0
      Zot:2 |   14633 |       0 |   0.0 |       9 |       0 |   0.0
      Zot:3 |   43803 |   51358 |  54.0 |      30 |      23 |  43.4
      Zot:4 |   34838 |       0 |   0.0 |      21 |       0 |   0.0
      Zot:5 |   43555 |   27661 |  38.8 |      27 |       8 |  22.9
     Bailey |       0 |     350 | 100.0 |       0 |      34 | 100.0
      IceCv |       0 |    1329 | 100.0 |       0 |       7 | 100.0
            +---------+---------+-------+---------+---------+-------
